 Dungeon Crawl Stone Soup version 0.31-a0-986-g5e6e4ef867 (webtiles) character file.

Game seed: 15138118957228241374

1884953 bakla the Marksant (level 27, 200/200 (201) HPs)
             Began as a Formicid Hunter on Nov 18, 2023.
             Was a High Priest of Okawaru.
             Escaped with the Orb
             ... and 3 runes!
             The game lasted 02:16:29 (53703 turns).

bakla the Marksant (Formicid Hunter)               Turns: 53703, Time: 02:16:30

HP:   200/200 (201) AC: 19    Str: 17    XL:     27
MP:   46/46         EV: 38    Int: 12    God:    Okawaru [*****.]
Gold: 6436          SH: 21    Dex: 36    Spells: 40/46 levels left

rFire   + + .        A - +8 storm bow {elec, penet}
rCold   + . .        Z - +1 kite shield "Asche" {Regen+ Dex+6}
rNeg    . . .        G - +3 troll leather armour
rPois   +            (helmet unavailable)
rElec   +            H - +2 cloak "Harob" {rPois MP+9 Int+2 Dex+3}
rCorr   +            o - +1 pair of gloves "Musm" {Will+ Stlth+}
SInv    +            N - +2 pair of boots {rampage}
Will    ++++.        M - amulet of regeneration
Stlth   ++           f - ring of resist corrosion
HPRegen 2.93/turn    Q - ring of the Final Decision {*Slow rElec rF++ rC+ Will+}
MPRegen 0.30/turn

%: slow self (1%), rampage
@: studying 3 skills, lightly drained
A: permanent stasis, dig shafts and tunnels, antennae 3, four strong arms,
talons 1, dopey 1, frail 1, MP-powered wands
0: Orb of Zot
}: 3/15 runes: barnacled, silver, gossamer
a: Dig, Shaft Self, Renounce Religion, Heroism, Finesse, Duel


You escaped.
You worshipped Okawaru.
Okawaru was extremely pleased with you.
You visited 11 branches of the dungeon, and saw 53 of its levels.
You also visited: Trove, Ossuary and Gauntlet.

You collected 9064 gold pieces.
You spent 2628 gold pieces at shops.

Inventory:

Hand Weapons
 A - the +8 storm bow (weapon) {elec, penet}
   (You acquired it on level 10 of the Dungeon)
Missiles
 C - 20 curare-tipped darts
Armour
 o - the +1 pair of gloves "Musm" (worn) {Will+ Stlth+}
   (You found it on level 2 of the Depths)

   Will+:     It increases your willpower.
   Stlth+:    It makes you more stealthy.
 G - a +3 troll leather armour (worn)
 H - the +2 cloak "Harob" (worn) {rPois MP+9 Int+2 Dex+3}
   (Okawaru gifted it to you on level 1 of the Lair of Beasts)

   Int+2:     It affects your intelligence (+2).
   Dex+3:     It affects your dexterity (+3).
   rPois:     It protects you from poison MP+9: It affects your magic capacity
   (+9).
 N - a +2 pair of boots of rampaging (worn)
 R - the +0 pair of gloves "Lossizin" {Drain rElec Str+9 Dex-5}
   (You bought it in a shop on level 2 of the Orcish Mines)

   Str+9:     It affects your strength (+9).
   Dex-5:     It affects your dexterity (-5).
   rElec:     It insulates you from electricity.
   Drain:     It drains your maximum health when unequipped.
 T - the +4 dragonskin cloak
   (You took it off Tiamat on level 1 of the Realm of Zot)

   Avatar's Aegis: It grants the wearer a chance to resist fire, cold, poison,
   electricity, acid, and negative energy.
 W - the +4 skin of Zhor {*Englaciate rC+++ SInv}
   (You found it on level 1 of the Elven Halls)

   *Englaciate: It radiates cold, occasionally slowing all nearby creatures who
   are not resistant to cold.
   rC+++:     It renders you almost immune to cold.
   SInv:      It lets you see invisible.
 Z - the +1 kite shield "Asche" (worn) {Regen+ Dex+6}
   (You found it on level 2 of the Vaults)

   Dex+6:     It affects your dexterity (+6).
   Regen+:    It increases your rate of health regeneration.
Jewellery
 e - a +6 ring of dexterity
 f - a ring of resist corrosion (left hand)
 n - a ring of flight
 L - the ring "Peuff" {Fire Contam Int+4 Stlth+}
   (You found it on level 2 of the Depths)

   [ring of fire]

   Fire:      It enhances your fire magic.
   Int+4:     It affects your intelligence (+4).
   rF+:       It protects you from fire.
   rC-:       It makes you vulnerable to cold.
   Contam:    It causes magical contamination when unequipped.
   Stlth+:    It makes you more stealthy.
 M - an amulet of regeneration (around neck)
 Q - the ring of the Final Decision (right hand) {*Slow rElec rF++ rC+ Will+}
   (You found it on level 10 of the Dungeon)

   [ring of protection from cold]

   rF++:      It greatly protects you from fire.
   rC+:       It protects you from cold.
   rElec:     It insulates you from electricity.
   Will+:     It increases your willpower.
   *Slow:     It may slow you when you take damage.
 S - the amulet "Zitras" {RegenMP rN++ Will+++ Int-5 Stlth+}
   (You found it on level 3 of the Depths)

   [amulet of magic regeneration]

   RegenMP:   It increases your rate of magic regeneration.
   Int-5:     It affects your intelligence (-5).
   rN++:      It greatly protects you from negative energy.
   Will+++:   It greatly increases your willpower.
   Stlth+:    It makes you more stealthy.
 X - the ring "Omahit" {+Blink rElec EV+5 Int+6 Dex-5}
   (You took it off a deep elf sorcerer on level 3 of the Elven Halls)

   [ring of evasion]

   EV+5:      It affects your evasion (+5).
   Int+6:     It affects your intelligence (+6).
   Dex-5:     It affects your dexterity (-5).
   rElec:     It insulates you from electricity.
   +Blink:    It lets you blink.
 Y - an amulet of reflection
Wands
 j - a wand of digging (14)
 s - a wand of light (44)
 x - a wand of flame (41)
 E - a wand of roots (42)
Scrolls
 a - 20 scrolls of identify
 g - 7 scrolls of fog
 k - a scroll of torment
 w - 4 scrolls of enchant armour
 y - 9 scrolls of brand weapon
 B - 7 scrolls of immolation
 D - 7 scrolls of enchant weapon
 F - 7 scrolls of amnesia
 I - 2 scrolls of fear
 J - 6 scrolls of vulnerability
 K - 8 scrolls of poison
 V - 2 scrolls of silence
Potions
 d - 4 potions of magic
 h - 18 potions of curing
 i - 15 potions of heal wounds
 l - 12 potions of might
 m - 7 potions of attraction
 p - 9 potions of enlightenment
 q - 11 potions of brilliance
 r - 5 potions of resistance
 t - 10 potions of mutation
 u - 11 potions of lignification
 v - 6 potions of ambrosia
 P - 7 potions of invisibility
 U - 6 potions of cancellation
Miscellaneous
 b - a lightning rod (4/4)
 c - a condenser vane


   Skills:
 - Level 20.0 Fighting
 - Level 20.9 Ranged Weapons
 - Level 20.0 Armour
 - Level 20.0 Dodging
 - Level 1.2 Stealth
 - Level 20.0 Shields
 - Level 10.0 Spellcasting
 - Level 10.0 Hexes
 - Level 10.0 Translocations
 - Level 7.0 Transmutations
 - Level 20.0 Invocations
 + Level 11.7 Evocations


You had 40 spell levels left.
You knew the following spells:

 Your Spells              Type           Power      Damage    Failure   Level
a - Wereblood             Tmut           22%        N/A       1%          2
b - Dimensional Bullseye  Hex/Tloc       15%        N/A       3%          4

Your spell library contained the following spells:

 Spells                   Type           Power      Damage    Failure   Level
 Apportation              Tloc           60%        N/A       1%          1
 Jinxbite                 Hex            60%        N/A       1%          2
 Lesser Beckoning         Tloc           60%        N/A       1%          2
 Confusing Touch          Hex            30%        N/A       1%          3
 Gell's Gravitas          Tloc           30%        N/A       1%          3
 Teleport Other           Tloc           30%        N/A       1%          3
 Ensorcelled Hibernation  Hex/Ice        36%        N/A       3%          2
 Momentum Strike          Conj/Tloc      36%        3d9       3%          2
 Cause Fear               Hex            15%        N/A       3%          4
 Manifold Assault         Tloc           30%        N/A       3%          4
 Passage of Golubria      Tloc           30%        N/A       3%          4
 Sting                    Tmut/Pois      56%        1d5       4%          1
 Passwall                 Tmut/Erth      11%        N/A       6%          2
 Dazzling Flash           Conj/Hex       36%        N/A       7%          3
 Inner Flame              Hex/Fire       18%        N/A       7%          3
 Yara's Violent Unravell  Hex/Tmut       13%        3d7       16%         5
 Foxfire                  Conj/Fire      24%        2x1d5     19%         1
 Freeze                   Ice            24%        1d4       19%         1
 Kiss of Death            Conj/Necr      24%        2d7       19%         1
 Magic Dart               Conj           24%        1d4       19%         1
 Necrotise                Necr           24%        1d5       19%         1
 Sandblast                Erth           12%        2d6       19%         1
 Shock                    Conj/Air       24%        1d4       19%         1
 Anguish                  Hex/Necr       9%         N/A       22%         4
 Fulminant Prism          Conj/Hex       9%         3d6       22%         4
 Iskenderun's Mystic Bla  Conj/Tloc      18%        2d6       22%         4
 Poisonous Vapours        Pois/Air       12%        N/A       26%         2
 Scorch                   Fire           12%        2d5       26%         2
 Searing Ray              Conj           12%        2d4       26%         2
 Static Discharge         Conj/Air       12%        3-4/arc   26%         2
 Sublimation of Blood     Necr           6%         N/A       26%         2
 Petrify                  Tmut/Erth      14%        N/A       38%         4
 Dispersal                Tloc           15%        N/A       41%         6
 Frozen Ramparts          Ice            12%        1d2       47%         3
 Hailstorm                Conj/Ice       6%         3d4       47%         3
 Mephitic Cloud           Conj/Pois/Air  6%         N/A       47%         3
 Stone Arrow              Conj/Erth      12%        3d7       47%         3
 Alistair's Intoxication  Tmut/Pois      9%         N/A       75%         5
 Irradiate                Conj/Tmut      7%         3d14      75%         5
 Airstrike                Air            3%         2d(1-17)  87%         4
 Brom's Barrelling Bould  Conj/Erth      6%         2d3       87%         4
 Dispel Undead            Necr           6%         3d8       87%         4
 Olgreb's Toxic Radiance  Pois           6%         N/A       87%         4
 Enfeeble                 Hex            15%        N/A       94%         7
 Arcjolt                  Conj/Air       3%         1d13      99%         5
 Borgnjor's Vile Clutch   Necr/Erth      3%         N/A       99%         5
 Lee's Rapid Deconstruct  Erth           3%         3d5*      99%         5
 Bombard                  Conj/Erth      3%         9d1       100%        6
 Conjure Ball Lightning   Conj/Air       3%         3x3d6     100%        6
 Eringya's Noxious Bog    Tmut/Pois      7%         4d6       100%        6
 Plasma Beam              Fire/Air       3%         2x1d13    100%        6
 Starburst                Conj/Fire      3%         6d3       100%        6
 Orb of Destruction       Conj           3%         9d5       100%        7
 Discord                  Hex            15%        N/A       100%        8
 Ignition                 Fire           3%         3d4       100%        8
 Maxwell's Capacitive Co  Air            3%         ∞         100%        8
 Blink                    Tloc           Unusable   N/A       N/A         2
 Tukima's Dance           Hex            Unusable   N/A       N/A         3
 Summon Guardian Golem    Hex/Summ       Unusable   N/A       N/A         3
 Summon Small Mammal      Summ           Unusable   N/A       N/A         1
 Vhi's Electric Charge    Tloc/Air       Unusable   N/A       N/A         4
 Call Imp                 Summ           Unusable   N/A       N/A         2
 Swiftness                Air            Unusable   N/A       N/A         3
 Summon Forest            Summ/Tloc      Unusable   N/A       N/A         5
 Animate Armour           Summ/Erth      Unusable   N/A       N/A         4
 Animate Dead             Necr           Unusable   N/A       N/A         4
 Summon Lightning Spire   Summ/Air       Unusable   N/A       N/A         4
 Death Channel            Necr           Unusable   N/A       N/A         6
 Spellforged Servitor     Conj/Summ      Unusable   N/A       N/A         7
 Summon Hydra             Summ           Unusable   N/A       N/A         7

Dungeon Overview and Level Annotations

Branches:
Dungeon (15/15)            Temple (1/1) D:6            Lair (5/5) D:9
 Shoals (4/4) Lair:2       Spider (4/4) Lair:3        Slime (5/5) Lair:5
    Orc (2/2) D:12            Elf (3/3) Orc:2        Vaults (5/5) D:14
  Crypt (0/3) Vaults:3     Depths (4/4) D:15            Zot (5/5) Depths:4
Ossuary (visited)         Gauntlet (visited)

Altars:
Ashenzari
Cheibriados
Dithmenos
Elyvilon
Fedhas
Gozag
Hepliaklqana
Kikubaaqudgha
Makhleb
Nemelex Xobeh
Okawaru
Qazlal
Ru
Sif Muna
Trog
Uskayaw
Vehumet
Wu Jian
Xom
Yredelemnul
Zin
The Shining One
Jiyva

Shops:
D:5 *   D:12 *   Orc:1 [   Orc:2 :[(=   Elf:2 *   Shoals:1 ?   Shoals:3 ?
Vaults:3 *   Depths:2 *   Depths:3 [   Depths:4 :

Portals:
Hell: Depths:2 Depths:3 Depths:4
Abyss: Depths:2 Depths:3
Pandemonium: Depths:2
Ziggurat: Depths:4

Annotations:
D:4 Edmund
D:6 3 runed translucent doors, GreenGuy14's ghost, novice FoFi
D:7 2 transporters, zenocrate's ghost, novice DrIE
D:9 3 runed translucent doors, jasper's ghost, novice HOFi
Slime:5 Royal Jelly
Elf:2 3 runed translucent doors
Elf:3 Roxanne
Depths:1 1 runed translucent door, kd29's ghost, adept DsSh
Depths:4 exclusions: eye of devastation, glass eye, great orb of eyes, shining eye and 1 more exclusion
Zot:3 exclusion: 2 upstairs
Zot:4 exclusion: 2 upstairs
Zot:5 exclusion: upstairs


Innate Abilities, Weirdness & Mutations

You cannot be hasted, slowed, berserked, paralysed or teleported.
You can dig through walls and to a lower floor.
You have a pair of large antennae on your head. (SInv)
Your four strong arms can wield two-handed weapons with a shield.
You have sharp toenails.
You are dopey. (Int -2)
You are frail. (-10% HP)
You expend magic power (3 MP) to strengthen your wands.


Message History

Uluirhua's surroundings become eerily quiet.
Unknown command.
You shoot an arrow. The arrow pierces through Uluirhua!
Uluirhua is almost dead.
Unknown command.
You shoot an arrow. The arrow pierces through Uluirhua.
Lightning courses through Uluirhua!
Uluirhua is almost dead.
You block the orange demon's attack. Uluirhua gestures at you.
The bolt of energy hits you!
You shoot an arrow. The arrow pierces through Uluirhua!
Uluirhua is almost dead.
Unknown command.
You shoot an arrow. The arrow pierces through Uluirhua!!
As Uluirhua dies, the sound returns.
You kill Uluirhua!
Okawaru accepts your kill.
Unknown command.
You shoot an arrow.
The arrow pierces through the orange demon!
Lightning courses through the orange demon!
You kill the orange demon!
Okawaru accepts your kill.
No target in view!
Unknown command.
No target in view!
No target in view!
What level of the Dungeon? (default 1, ? - help) HP restored.
A blizzard demon comes into view.
The blizzard demon moves out of view.
There is a stone staircase leading up here.
You climb upwards.
There is a stone staircase leading down here.
What level of the Dungeon? (default 1, ? - help)
There is an open gate here.
Your hands slow down.
There is a staircase leading out of the dungeon here.
You have escaped!

# #.# ##################.# #.#
#### #.# #.# #..### #########.#
#.# #....###.........#
#.#######......###........
#.......#........####....>
#########.§≈§......#####..
#.§≈≈≈≈.......'...
#@.≈≈≈≈≈≈.....'...
#..≈≈≈≈.......'.#.
#..§≈......#####>. ######
#........###...#.. .....#
#......###..###### ####.#
###....######....#..
#.#########.#..###...###.#.#.#
##.##........####.....###.#.#.#
###...#.######.#
#..........#...#


There were no monsters in sight!

Vanquished Creatures
  4 dread liches
  Tiamat (Zot:1)
  4 orbs of fire
  4 ancient liches
  3 juggernauts
  A pandemonium lord (D:2)
  Frederick (Depths:4)
  2 Killer Klowns (Zot:5)
  2 curse toes (Zot:5)
  Nikola (Spider:3)
  Jory (Arena)
  A caustic shrike (Depths:3)
  4 golden dragons
  3 electric golems
  A Brimstone Fiend (Depths:2)
  2 hellephants (Depths:4)
  7 tentacled monstrosities
  2 Hell Sentinels
  28 Orb Guardians
  A lich (Vaults:5)
  2 deep elf blademasters (Elf:3)
  10 titans
  A walking earthen tome (Depths:2)
  An Ice Fiend (D:9)
  2 quicksilver dragons
  2 deep elf master archers (Elf:3)
  10 acid blobs
  3 death cobs
  2 Executioners
  Polyphemus (Shoals:2)
  6 sphinxes
  7 shadow dragons
  7 tengu reavers
  An ancient champion (Vaults:3)
  10 storm dragons
  6 azure jellies
  Ilsuiw (Shoals:2)
  6 rockslimes
  9 fire giants
  2 draconian knights
  17 vault wardens
  2 iron dragons
  5 draconian scorchers
  2 balrugs
  5 emperor scorpions
  5 ghost moths
  8 deep elf sorcerers
  Louise (Spider:4)
  4 deep elf elementalists
  8 frost giants
  5 orc warlords
  17 ironbound preservers
  3 draconian shifters
  4 draconian annihilators
  4 war gargoyles
  8 formless jellyfish
  11 quicksilver oozes
  7 ironbound thunderhulks
  12 stone giants
  8 draconian stormcallers
  3 broodmothers
  5 vampire knights
  7 green draconians
  11 very ugly things
  6 deep elf demonologists
  10 deep elf annihilators
  A demonspawn black sun (Zot:4)
  5 red draconians
  20 dire elephants
  A minotaur (Gauntlet)
  13 yellow draconians
  6 black draconians
  8 purple draconians
  4 spark wasps
  An eidolon (Vaults:3)
  9 deep elf death magi (Elf:3)
  4 white draconians
  12 ettins
  14 yaktaur captains
  9 merfolk impalers
  A crystal guardian (Vaults:1)
  3 merfolk javelineers (Shoals:4)
  Josephine (D:15)
  5 entropy weavers
  6 fire dragons
  A salamander tyrant (Depths:3)
  7 ice dragons
  5 peacekeepers
  4 deep elf high priests
  4 rakshasas
  43 vault guards
  7 great orbs of eyes
  6 hydras
  5 spriggan air magi
  5 ogre magi
  A death knight (D:14)
  3 catoblepae
  3 two-headed ogres
  7 centaur warriors
  A two-headed ogre (shapeshifter) (Depths:2)
  4 merfolk aquamancers (Shoals:4)
  5 merfolk avatars
  3 alligator snapping turtles (Shoals:4)
  2 radroaches
  6 boulder beetles
  15 dancing weapons
  10 ironbound frosthearts
  8 tengu warriors
  2 satyrs
  2 occultists
  10 deep troll shamans
  6 deep troll earth magi
  6 death scarabs (Spider:4)
  8 death yaks
  9 demonic crawlers
  4 spriggan berserkers
  A spectral emperor scorpion (Spider:4)
  10 hell hogs
  16 spriggans
  A shock serpent (shapeshifter) (Vaults:5)
  4 vampire magi
  Nergalle (D:12)
  Sonja (Orc:2)
  A hell knight (Depths:2)
  A soul eater (Zot:4)
  3 orc high priests
  4 sun demons (D:9)
  8 deep elf knights
  A shadow wraith (Vaults:5)
  2 skysharks
  3 sun moths
  9 sea snakes
  53 deep trolls
  2 salamander mystics (Depths:3)
  4 pharaoh ants
  4 iron trolls
  A flayed ghost (Depths:2)
  7 orb spiders
  2 phantasmal warriors (Vaults:5)
  A spectral jorogumo (Spider:4)
  4 wolf spider zombies
  5 glowing orange brains
  A shadow demon (D:8)
  A kraken simulacrum (Shoals:4)
  35 harpies
  14 deep elf archers
  3 steelbarb worms
  2 spectral wolf spiders (Spider:4)
  4 necromancers
  14 arcanists
  17 ironbound convokers
  Pikel (D:6)
  23 deep elf pyromancers
  15 lindwurms
  15 deep elf zephyrmancers
  12 orc knights
  14 wolf spiders
  5 orc sorcerers
  42 ugly things
  5 shining eyes
  12 fauns
  8 salamanders (Depths:3)
  9 manticores
  A manticore (shapeshifter) (Vaults:5)
  5 cyclopes
  An oklob plant (Lair:3)
  21 elephants
  13 merfolk sirens
  116 slime creatures
  5 black mambas
  An eye of devastation (Slime:5)
  20 moths of wrath
  10 water nymphs
  A smoke demon (Depths:3)
  10 cane toads
  16 vault sentinels
  An orange demon (D:2)
  3 spectral redbacks (Spider:4)
  6 torpor snails
  A molten gargoyle (Depths:3)
  A hellion (D:7)
  2 gargoyles
  7 unseen horrors
  A cane toad (shapeshifter) (Elf:2)
  A komodo dragon (shapeshifter) (D:14)
  3 centaur skeletons (D:15)
  5 rime drakes
  3 tormentors
  23 yaktaurs
  5 tengu conjurers
  5 komodo dragons
  2 ice devils
  A redback zombie (Spider:4)
  15 trolls
  3 freezing wraiths (D:14)
  A troll (shapeshifter) (Elf:1)
  7 wind drakes
  4 polar bears
  6 large abominations
  30 merfolk
  3 spectral tarantellas (Spider:4)
  7 meliai
  A spectral culicivora (Spider:4)
  2 glass eyes
  5 spectral jumping spiders (Spider:4)
  12 hornets
  28 tarantellas
  A wolf spider simulacrum (D:15)
  A tarantella zombie (Spider:4)
  7 dream sheep (Lair:5)
  27 blink frogs
  12 snapping turtles
  3 culicivora zombies (Spider:4)
  4 air elementals
  39 jumping spiders
  Sigmund (D:3)
  A centaur simulacrum (D:10)
  3 vampires
  5 shadows
  11 wraiths
  A ynoxinul (Zot:5)
  3 yaks (shapeshifter)
  26 culicivoras
  8 water elementals
  3 wyverns
  Eustachio (D:4)
  7 fire elementals
  8 basilisks
  53 yaks
  A basilisk (shapeshifter) (Vaults:5)
  A human (shapeshifter) (Elf:1)
  4 golden eyes (D:11)
  4 fire bats (Gauntlet)
  A redback simulacrum (D:15)
  51 redbacks
  5 vampire mosquitoes
  2 chaos spawn (Depths:2)
  4 wargs
  Menkaure (D:7)
  2 swamp worms (shapeshifter)
  A hell hound (Gauntlet)
  13 water moccasins
  5 acid dragons
  5 black bears
  47 orc warriors
  5 ice beasts
  A sky beast (D:7)
  A black bear (shapeshifter) (Elf:1)
  5 ogres
  6 boggarts
  24 wolves
  11 centaurs
  2 lemures (D:7)
  15 bullfrogs
  6 kobold brigands
  2 gnoll sergeants
  2 earth elementals
  2 scorpions
  3 small abominations (Depths:2)
  14 wights
  4 killer bees (D:8)
  13 howler monkeys
  2 electric eels
  A centaur zombie (Ossuary)
  2 hounds
  20 orc priests
  A gnoll bouda (D:10)
  31 jellies
  2 iguanas (D:6)
  3 sleepcaps
  Natasha (D:2)
  40 orc wizards
  3 mummies (Ossuary)
  13 gnolls
  6 adders
  A shadow imp (D:6)
  14 white imps
  2 ufetubi (D:7)
  3 worms (D:2)
  3 dart slugs
  113 orcs
  9 endoplasms
  4 giant cockroaches
  A hobgoblin (D:1)
  3 jackals (D:2)
  3 quokkas
  9 ball pythons
  5 bats
  2 frilled lizards
  3 goblins
  2 goblin zombies (Ossuary)
  A hobgoblin zombie (Ossuary)
  24 kobolds
  4 kobold zombies (Ossuary)
  9 rats
2308 creatures vanquished.

Vanquished Creatures (others)
  A deep elf knight (Elf:1)
  An orc wizard (Vaults:5)
  2 orcs
  2 tentacles (Shoals:4)
6 creatures vanquished.

Grand Total: 2314 creatures vanquished

Notes
Turn   | Place    | Note
-------+----------+-------------------------------------------
     0 | D:1      | bakla the Formicid Hunter began the quest for the Orb.
     0 | D:1      | Reached XP level 1. HP: 16/16 MP: 1/1
   144 | D:1      | Reached XP level 2. HP: 23/23 MP: 2/2
   455 | D:1      | Found a faded altar of an unknown god.
   674 | D:2      | Reached XP level 3. HP: 28/28 MP: 3/3
   924 | D:2      | Reached XP level 4. HP: 35/35 MP: 4/4
   951 | D:2      | Reached skill level 5 in Ranged Weapons
  1125 | D:3      | Noticed Natasha
  1145 | D:2      | Killed Natasha
  1424 | D:3      | Reached XP level 5. HP: 41/41 MP: 5/5
  1432 | D:3      | Noticed Sigmund
  1453 | D:3      | Killed Sigmund
  1454 | D:3      | Reached XP level 6. HP: 41/49 MP: 6/6
  1493 | D:3      | Identified the +4 sling of the Shoals {drain, Int+5}
  2070 | D:4      | Reached XP level 7. HP: 55/55 MP: 7/7
  2238 | D:4      | Noticed Eustachio
  2247 | D:4      | Killed Eustachio
  2248 | D:4      | Reached skill level 5 in Fighting
  2406 | D:4      | Found a bloodstained altar of Trog.
  2629 | D:4      | Reached XP level 8. HP: 64/64 MP: 8/8
  2914 | D:4      | Noticed Edmund
  2951 | D:5      | Entered Level 5 of the Dungeon
  3452 | D:5      | Found a shadowy altar of Dithmenos.
  3672 | D:5      | Found Fiely's Assorted Antiques.
  3679 | D:5      | Bought a scroll labelled BIJUCO AFECETT for 23 gold pieces
  3679 | D:5      | Bought 2 metallic coppery potions for 41 gold pieces
  3679 | D:5      | Bought a bubbling grey potion for 20 gold pieces
  3679 | D:5      | Bought a purple potion for 20 gold pieces
  4232 | D:6      | Found a sand-covered staircase.
  4237 | Ossuary  | Entered an ossuary
  4268 | Ossuary  | Reached XP level 9. HP: 64/71 MP: 9/9
  4818 | D:6      | Found a runed translucent gate.
  4818 | D:6      | Found a runed translucent gate.
  4818 | D:6      | Found a runed translucent gate.
  4818 | D:6      | Noticed GreenGuy14's ghost (novice FoFi)
  4892 | D:6      | Learned a level 2 spell: Wereblood
  4895 | D:6      | Found a burning altar of Makhleb.
  4896 | D:6      | Found a hide-covered altar of Uskayaw.
  4897 | D:6      | Found a radiant altar of Vehumet.
  4899 | D:6      | Found a hazy altar of Hepliaklqana.
  4937 | D:6      | Found a staircase to the Ecumenical Temple.
  4948 | Temple   | Entered the Ecumenical Temple
  4958 | Temple   | Became a worshipper of Warmaster Okawaru
  5160 | D:7      | Found a transporter.
  5161 | D:7      | Found a transporter.
  5161 | D:7      | Noticed zenocrate's ghost (novice DrIE)
  5162 | D:7      | Noticed a boulder beetle
  5163 | D:7      | Noticed a gargoyle
  5176 | D:7      | Reached skill level 10 in Ranged Weapons
  5513 | D:7      | Identified the +0 leather armour "Pucyim" {rPois Str-4
                  | Int+8 Dex-5}
  5750 | D:7      | Noticed Menkaure
  5752 | D:7      | Killed Menkaure
  5752 | D:7      | Reached * piety under Okawaru
  6216 | D:7      | Noticed Pikel
  6245 | D:7      | Reached XP level 10. HP: 82/82 MP: 10/10
  6264 | D:6      | Killed Pikel
  6264 | D:6      | Reached ** piety under Okawaru
  6698 | D:7      | Reached skill level 5 in Dodging
  6985 | D:8      | Reached *** piety under Okawaru
  6986 | D:8      | Reached skill level 1 in Invocations
  7588 | D:9      | Noticed a rime drake
  7592 | D:9      | Killed a rime drake
  7596 | D:9      | Reached **** piety under Okawaru
  7638 | D:9      | Reached skill level 10 in Fighting
  7643 | D:9      | Found a staircase to the Lair.
  7722 | D:9      | Reached XP level 11. HP: 90/90 MP: 13/13
  7996 | D:9      | Found a runed translucent gate.
  7996 | D:9      | Found a runed translucent gate.
  7997 | D:9      | Found a runed translucent gate.
  7997 | D:9      | Noticed jasper's ghost (novice HOFi)
  8014 | D:9      | Noticed a two-headed ogre
  8022 | D:9      | Killed a two-headed ogre
  8104 | D:9      | Found a shimmering altar of Xom.
  8131 | D:9      | Found a broken altar of Ashenzari.
  8226 | D:9      | Reached ***** piety under Okawaru
  8514 | D:9      | Found a viscous altar of Jiyva.
  8520 | D:10     | Entered Level 10 of the Dungeon
  8524 | D:10     | Noticed a manticore
  8532 | D:10     | Killed a manticore
  8533 | D:10     | Reached skill level 5 in Invocations
  9425 | D:10     | Noticed an ice dragon
  9506 | D:10     | Noticed a cyclops
  9510 | D:10     | Killed a cyclops
  9510 | D:10     | Received a gift from Okawaru
  9697 | D:10     | Noticed an ice dragon
  9825 | Lair:1   | Entered Level 1 of the Lair of Beasts
 10066 | Lair:1   | Reached XP level 12. HP: 71/100 MP: 11/17
 10366 | Lair:1   | Reached ****** piety under Okawaru
 10367 | Lair:1   | Acquired a +1 longbow of flaming
 10367 | Lair:1   | Received a gift from Okawaru
 10396 | Lair:1   | Acquired the +2 cloak "Harob" {rPois MP+9 Int+2 Dex+3}
 10396 | Lair:1   | Received a gift from Okawaru
 10496 | Lair:1   | Received a gift from Okawaru
 10701 | Lair:1   | Noticed a boulder beetle
 10712 | Lair:1   | Killed a boulder beetle
 11355 | Lair:2   | Received a gift from Okawaru
 11450 | Lair:2   | Noticed a five-headed hydra
 11461 | Lair:2   | Killed a five-headed hydra
 11462 | Lair:2   | Reached XP level 13. HP: 51/109 MP: 9/19
 11767 | Lair:2   | Found a staircase to the Shoals.
 11791 | Lair:2   | Noticed a catoblepas
 11806 | Lair:2   | Killed a catoblepas
 11994 | Lair:2   | Reached skill level 10 in Invocations
 12379 | Lair:3   | Received a gift from Okawaru
 12391 | Lair:3   | Reached skill level 1 in Shields
 12521 | Lair:3   | Found a hole to the Spider Nest.
 12652 | Lair:3   | Noticed a five-headed hydra
 12655 | Lair:3   | Killed a five-headed hydra
 12655 | Lair:3   | Received a gift from Okawaru
 13197 | Lair:4   | Reached skill level 10 in Dodging
 13291 | Lair:4   | Reached XP level 14. HP: 105/118 MP: 21/21
 13354 | Lair:4   | Reached skill level 5 in Shields
 13605 | Lair:4   | Received a gift from Okawaru
 14123 | Lair:5   | Entered Level 5 of the Lair of Beasts
 14275 | Lair:5   | Found a staircase to the Slime Pits.
 14294 | Lair:5   | Found a viscous altar of Jiyva.
 14302 | Lair:5   | Received a gift from Okawaru
 14308 | Lair:5   | Noticed a quicksilver ooze
 14388 | Lair:5   | Killed a quicksilver ooze
 14472 | Lair:5   | Noticed a quicksilver ooze
 14478 | Lair:5   | Killed a quicksilver ooze
 14502 | Lair:5   | Noticed a quicksilver ooze
 14518 | Lair:5   | Killed a quicksilver ooze
 14530 | Lair:5   | Reached skill level 15 in Ranged Weapons
 14533 | Lair:5   | Received a gift from Okawaru
 14548 | Lair:5   | Noticed an azure jelly
 14562 | Lair:5   | Killed an azure jelly
 14588 | Lair:5   | Reached XP level 15. HP: 103/127 MP: 12/22
 14805 | Lair:5   | Reached skill level 15 in Fighting
 14846 | Lair:5   | Reached skill level 1 in Transmutations
 14964 | Lair:5   | Reached skill level 1 in Spellcasting
 14991 | Lair:5   | Identified the +6 broad axe "Tutis" {antimagic, Dex+3}
 16084 | D:10     | Received a gift from Okawaru
 16346 | D:10     | Identified the ring of the Final Decision {*Slow rElec rF++
                  | rC+ Will+}
 16353 | D:10     | Identified the +3 great sword "Puroafan" {freeze, +Blink
                  | rN+ Dex-2}
 16354 | D:10     | Identified the +6 shortbow "Vimohoda" {heavy, rElec Str-4
                  | Dex+8 Stlth-}
 16356 | D:10     | Identified the staff "Impslayer" {rF+ Str+2 Fire}
 16390 | D:10     | Identified a scroll of acquirement
 16391 | D:10     | Acquired the +8 storm bow {elec, penet}
 16391 | D:10     | Found the +8 storm bow {elec, penet}
 16439 | D:10     | Reached skill level 10 in Shields
 16687 | D:11     | Found a gate leading to a gauntlet.
 16694 | Gauntlet | Entered a Gauntlet
 16694 | Gauntlet | Found a transporter.
 16694 | Gauntlet | Found a transporter.
 16698 | Gauntlet | Found a transporter.
 16698 | Gauntlet | Found a transporter.
 16707 | Gauntlet | Found a transporter.
 16730 | Gauntlet | Found a transporter.
 16736 | Gauntlet | Found a transporter.
 16736 | Gauntlet | Found a transporter.
 16740 | Gauntlet | Found a transporter.
 16759 | Gauntlet | Found a transporter.
 16782 | Gauntlet | Found a transporter.
 16828 | Gauntlet | Found a transporter.
 16842 | Gauntlet | Found a transporter.
 16855 | Gauntlet | Found a transporter.
 16950 | Gauntlet | Found a transporter.
 16953 | Gauntlet | Noticed a quicksilver ooze
 16971 | Gauntlet | Found a transporter.
 17098 | Gauntlet | Killed a quicksilver ooze
 17105 | Gauntlet | Identified the ring "Daatigg" {Fire Str+4 Dex+4}
 17153 | Gauntlet | Identified the +5 battleaxe of Apeymp {heavy, Will+ rCorr
                  | Str+5 Int-3}
 17853 | D:11     | Found a glowing golden altar of the Shining One.
 17996 | D:12     | Received a gift from Okawaru
 18129 | D:12     | Found Avauxen's Pet Rocks.
 18145 | D:12     | Reached XP level 16. HP: 136/136 MP: 23/23
 18287 | D:12     | Identified the +7 long sword of the Fortifying Fool
                  | {freeze, Stlth+}
 18292 | D:12     | Found a staircase to the Orcish Mines.
 18306 | D:12     | Noticed Nergalle
 18316 | D:12     | Killed Nergalle
 19511 | D:14     | Received a gift from Okawaru
 19558 | D:14     | Found a gate to the Vaults.
 19573 | D:14     | Reached skill level 5 in Transmutations
 19960 | D:14     | Reached skill level 5 in Spellcasting
 20087 | D:14     | Identified the +2 pair of gloves of the Eternal Void
                  | {Str+5}
 20361 | D:15     | Entered Level 15 of the Dungeon
 20370 | D:14     | Received a gift from Okawaru
 20734 | D:15     | Found an opulent altar of Gozag.
 20741 | D:15     | Noticed Josephine
 20744 | D:15     | Killed Josephine
 20831 | D:15     | Reached XP level 17. HP: 145/145 MP: 24/24
 20913 | D:15     | Found a staircase to the Depths.
 21278 | Orc:1    | Entered Level 1 of the Orcish Mines
 21343 | Orc:1    | Found Pygiec's Armour Boutique.
 21426 | Orc:1    | Received a gift from Okawaru
 21475 | Orc:1    | Found a burning altar of Makhleb.
 21659 | Orc:2    | Entered Level 2 of the Orcish Mines
 21700 | Orc:2    | Found a staircase to the Elven Halls.
 21738 | Orc:2    | Noticed Sonja
 21742 | Orc:2    | Killed Sonja
 21829 | Orc:2    | Found Isac's Antique Weapon Shoppe.
 21833 | Orc:2    | Found Koigh's Antique Armour Emporium.
 21844 | Orc:2    | Bought a pair of ichor-stained gloves for 323 gold pieces
 21844 | Orc:2    | Identified the +0 pair of gloves "Lossizin" {Drain rElec
                  | Str+9 Dex-5} (You bought it in a shop on level 2 of the
                  | Orcish Mines)
 21844 | Orc:2    | Bought a dazzling ring mail for 306 gold pieces
 21844 | Orc:2    | Identified the +4 ring mail of the Past {-Cast Str+6} (You
                  | bought it in a shop on level 2 of the Orcish Mines)
 21957 | Orc:2    | Found Otittyxt's Jewellery Emporium.
 22186 | Orc:2    | Found Vav Dima's Book Emporium.
 22931 | Spider:1 | Entered Level 1 of the Spider Nest
 23221 | Spider:1 | Received a gift from Okawaru
 24337 | Spider:2 | Received a gift from Okawaru
 24946 | Spider:2 | Received a gift from Okawaru
 24947 | Spider:2 | Reached XP level 18. HP: 154/154 MP: 25/25
 25052 | Spider:2 | Identified the +8 falchion of the New World {pain, rElec
                  | SInv}
 25711 | Spider:3 | Received a gift from Okawaru
 25767 | Spider:3 | Noticed Nikola
 25783 | Spider:3 | Killed Nikola
 26190 | Spider:4 | Entered Level 4 of the Spider Nest
 26323 | Spider:4 | Received a gift from Okawaru
 26926 | Spider:4 | Noticed Louise
 26935 | Spider:4 | Killed Louise
 26961 | Spider:4 | Reached skill level 15 in Shields
 27192 | Spider:4 | Received a gift from Okawaru
 27517 | Spider:4 | Reached XP level 19. HP: 143/163 MP: 26/26
 27588 | Spider:4 | Got a gossamer rune of Zot
 27816 | Shoals:1 | Entered Level 1 of the Shoals
 27897 | Shoals:1 | Found a runed translucent door.
 27915 | Shoals:1 | Received a gift from Okawaru
 28315 | Shoals:1 | Found Zaoxt's Magic Scroll Emporium.
 28323 | Shoals:1 | Bought a scroll of enchant weapon for 112 gold pieces
 28323 | Shoals:1 | Bought a scroll of enchant armour for 112 gold pieces
 28682 | Shoals:2 | Noticed Ilsuiw
 28784 | Shoals:2 | Killed Ilsuiw
 28784 | Shoals:2 | Received a gift from Okawaru
 28929 | Shoals:2 | Noticed Polyphemus
 28943 | Shoals:2 | Killed Polyphemus
 29664 | Shoals:3 | Reached skill level 15 in Dodging
 29729 | Shoals:3 | Found Kuquqymu's Magic Scroll Shoppe.
 29732 | Shoals:3 | Bought a scroll of revelation for 112 gold pieces
 29732 | Shoals:3 | Bought a scroll of immolation for 60 gold pieces
 29732 | Shoals:3 | Bought a scroll of acquirement for 780 gold pieces
 29732 | Shoals:3 | Acquired 607 gold pieces
 30349 | Shoals:4 | Entered Level 4 of the Shoals
 30486 | Shoals:4 | Received a gift from Okawaru
 30684 | Shoals:4 | Reached XP level 20. HP: 167/172 MP: 27/27
 31226 | Shoals:4 | Got a barnacled rune of Zot
 31419 | Shoals:4 | Received a gift from Okawaru
 31484 | Shoals:4 | Learned a level 4 spell: Dimensional Bullseye
 31788 | Vaults:5 | Identified the "Yrafair"
 31788 | Vaults:5 | Identified the of Rowypp
 31788 | Vaults:5 | Identified the "Xewk"
 31788 | Depths:3 | Identified the "Wurew"
 31788 | Depths:4 | Identified the "Doum"
 31788 | Elf:1    | Identified the "Somics"
 31788 | Elf:1    | Entered Level 1 of the Elven Halls
 31788 | Elf:1    | Found a runed translucent gate.
 31788 | Elf:1    | Found a runed translucent gate.
 31788 | Elf:1    | Found a runed translucent gate.
 31788 | Elf:1    | Found a runed translucent gate.
 31788 | Elf:1    | Found a runed translucent gate.
 31788 | Elf:1    | Found a runed translucent gate.
 31789 | Elf:1    | Found a runed translucent door.
 31803 | Elf:1    | Found a runed translucent door.
 32031 | Elf:1    | Found the +4 skin of Zhor {*Englaciate rC+++ SInv}
 32251 | Elf:1    | Received a gift from Okawaru
 33234 | Elf:2    | Found Idyap's General Store.
 33239 | Elf:2    | Bought a scroll of fog for 52 gold pieces
 33239 | Elf:2    | Bought a potion of curing for 39 gold pieces
 33239 | Elf:2    | Bought a potion of heal wounds for 65 gold pieces
 33239 | Elf:2    | Bought a potion of ambrosia for 104 gold pieces
 33353 | Elf:2    | Received a gift from Okawaru
 33358 | Elf:2    | Found a runed translucent gate.
 33359 | Elf:2    | Found a runed translucent gate.
 33360 | Elf:2    | Found a runed translucent gate.
 33436 | Elf:2    | Reached XP level 21. HP: 168/182 MP: 28/28
 33701 | Elf:3    | Identified the "Gaaquc"
 33701 | Elf:3    | Entered Level 3 of the Elven Halls
 34288 | Elf:3    | Noticed Roxanne
 34852 | Elf:3    | Identified the +7 short sword "Dymad" {flame, Drain rElec
                  | rPois rN+++}
 34852 | Elf:3    | Identified the ring "Omahit" {+Blink rElec EV+5 Int+6
                  | Dex-5}
 35151 | Elf:3    | Received a gift from Okawaru
 35378 | Elf:3    | Found the +11 Singing Sword {sonic wave}
 35674 | Vaults:1 | Entered Level 1 of the Vaults
 35789 | Vaults:1 | Received a gift from Okawaru
 36252 | Vaults:1 | Received a gift from Okawaru
 36596 | Vaults:1 | Reached XP level 22. HP: 190/190 MP: 29/29
 36660 | Vaults:1 | Received a gift from Okawaru
 36986 | Vaults:2 | Identified the +1 kite shield "Asche" {Regen+ Dex+6}
 37128 | Vaults:2 | Received a gift from Okawaru
 37544 | Vaults:2 | Identified the +1 sling of Demand {drain, Will+ Int+3 Dex-2
                  | Stlth+}
 37880 | Vaults:3 | Found Otroblemn's Assorted Antiques.
 37883 | Vaults:3 | Bought a potion of curing for 87 gold pieces
 37883 | Vaults:3 | Bought a potion of curing for 87 gold pieces
 37883 | Vaults:3 | Bought a scroll of revelation for 217 gold pieces
 38087 | Vaults:3 | Received a gift from Okawaru
 38092 | Vaults:3 | Reached skill level 1 in Armour
 38170 | Vaults:3 | Found a staircase to the Crypt.
 38375 | Vaults:3 | Received a gift from Okawaru
 38500 | Vaults:3 | Reached XP level 23. HP: 196/196 MP: 31/31
 38599 | Vaults:3 | Reached skill level 5 in Armour
 38923 | Vaults:3 | Received a gift from Okawaru
 39777 | Vaults:4 | Received a gift from Okawaru
 40805 | Slime:1  | Entered Level 1 of the Pits of Slime
 40902 | Slime:1  | Gained mutation: You have sharp toenails. [a shining eye]
 40904 | Slime:1  | Gained mutation: You are frail. (-10% HP) [a shining eye]
 40922 | Lair:5   | Received a gift from Okawaru
 42030 | Slime:5  | Entered Level 5 of the Pits of Slime
 42146 | Slime:5  | Received a gift from Okawaru
 42370 | Slime:5  | Reached XP level 24. HP: 134/183 MP: 33/33
 43148 | Slime:5  | Found the +4 Cigotuvi's embrace {Corpsefed rMiasma Drain
                  | rN+}
 43180 | Slime:5  | Noticed the Royal Jelly
 43533 | Arena    | Entered the Arena
 43690 | Slime:5  | Reached skill level 10 in Armour
 44424 | Vaults:5 | Entered Level 5 of the Vaults
 44425 | Vaults:5 | Noticed an ancient lich
 44472 | Vaults:5 | Received a gift from Okawaru
 44474 | Vaults:5 | Reached skill level 15 in Invocations
 44477 | Vaults:5 | Killed an ancient lich
 44478 | Vaults:5 | Noticed an ancient lich
 44614 | Vaults:5 | Killed an ancient lich
 44652 | Vaults:5 | Noticed a dread lich
 44668 | Vaults:5 | Killed a dread lich
 44689 | Vaults:5 | Received a gift from Okawaru
 44731 | Vaults:5 | Reached XP level 25. HP: 189/189 MP: 34/34
 44835 | Vaults:5 | Noticed an ancient lich
 44851 | Vaults:5 | Killed an ancient lich
 44884 | Vaults:5 | Identified the ring "Pokasheq" {rPois rN+}
 44885 | Vaults:5 | Reached skill level 15 in Armour
 44954 | Vaults:5 | Identified the ring of Ascent {Wiz rPois}
 45040 | Vaults:5 | Identified the +7 trident of Muyh {chaos, rC+}
 45121 | Vaults:5 | Received a gift from Okawaru
 45613 | Vaults:5 | Found the +8 orange crystal plate armour {Archmagi, Int+3
                  | Clar}
 45615 | Vaults:5 | Found the +10 Black Knight's barding {ponderous, rPois rN+}
 45625 | Vaults:5 | Got a silver rune of Zot
 46023 | Depths:1 | Entered Level 1 of the Depths
 46036 | Depths:1 | Found a runed translucent door.
 46048 | Depths:1 | Noticed kd29's ghost (adept DsSh)
 46071 | Depths:1 | Found a portal to a secret trove of treasure.
 46079 | Depths:1 | You paid a toll of 5 scrolls of fear to enter a treasure
                  | trove
 46080 | Trove    | Identified the of Duahy (Sif Muna gifted it to you in a
                  | treasure trove)
 46080 | Trove    | Entered a treasure trove
 46104 | Trove    | Identified the amulet of Nelop {Faith rPois rC+ Int+4}
 46187 | Depths:1 | Reached skill level 1 in Evocations
 46203 | Depths:1 | Found a white marble altar of Elyvilon.
 46371 | Depths:2 | Found a one-way gate to the infinite horrors of the Abyss.
 46536 | Depths:2 | Found a gateway to Hell.
 46566 | Depths:2 | Found a one-way gate leading to the halls of Pandemonium.
 46674 | Depths:2 | Received a gift from Okawaru
 46792 | Depths:2 | Reached skill level 5 in Evocations
 46878 | Depths:2 | Identified the +1 pair of gloves "Musm" {Will+ Stlth+}
 46923 | Depths:2 | Noticed a juggernaut
 46937 | Depths:2 | Killed a juggernaut
 47012 | Depths:2 | Identified the ring "Peuff" {Fire Contam Int+4 Stlth+}
 47107 | Depths:2 | Found Voudav Mudu's Fire Supplies.
 47117 | Depths:2 | Bought a scroll of immolation for 68 gold pieces
 47240 | Depths:2 | Received a gift from Okawaru
 47362 | Depths:2 | Noticed a juggernaut
 47375 | Depths:2 | Killed a juggernaut
 47466 | Depths:2 | Reached XP level 26. HP: 196/196 MP: 34/34
 47966 | Depths:3 | Noticed Jory
 47991 | Arena    | Entered the Arena
 48016 | Depths:3 | You are sucked into a shaft and drop 1 floor!
 48016 | Depths:4 | Entered Level 4 of the Depths
 48036 | Depths:4 | Received a gift from Okawaru
 48122 | Depths:4 | Found Meopapt's Book Emporium.
 48179 | Depths:4 | Reached skill level 10 in Evocations
 48295 | Depths:4 | Found a gate to the Realm of Zot.
 48398 | Depths:4 | Noticed Frederick
 48405 | Depths:4 | Killed Frederick
 48405 | Depths:4 | Received a gift from Okawaru
 48441 | Depths:4 | Found a one-way gateway to a ziggurat.
 48492 | Depths:4 | Identified the +4 rapier "Leoced" {heavy, *Corrode rPois
                  | rC+ Dex+4 Stlth+}
 49091 | Depths:3 | Received a gift from Okawaru
 49114 | Depths:3 | Found Touch's Antique Armour Boutique.
 49158 | Depths:3 | Identified the +6 spear of Xujanwol {freeze, Contam rC+++
                  | Str+4}
 49349 | Depths:3 | Noticed a juggernaut
 49388 | Depths:3 | Killed a juggernaut
 49421 | Arena    | Entered the Arena
 49437 | Arena    | Killed Jory
 49437 | Arena    | Received a gift from Okawaru
 49466 | Arena    | Entered the Arena
 49504 | Arena    | Entered the Arena
 49535 | Depths:3 | You fall into a shaft and drop 1 floor!
 49648 | Depths:3 | Identified the amulet "Zitras" {RegenMP rN++ Will+++ Int-5
                  | Stlth+}
 49664 | Depths:3 | Found a radiant altar of Vehumet.
 50079 | Zot:1    | Entered Level 1 of the Realm of Zot
 50085 | Zot:1    | Noticed an orb of fire
 50105 | Zot:1    | Gained mutation: You are dopey. (Int -2) [an orb of fire]
 50115 | Zot:1    | Killed an orb of fire
 50116 | Zot:1    | Reached XP level 27. HP: 201/201 MP: 36/36
 50141 | Zot:1    | Reached skill level 10 in Spellcasting
 50176 | Zot:1    | Found the +4 dragonskin cloak
 50176 | Zot:1    | Noticed Tiamat
 50180 | Zot:1    | You fall into a shaft and drop 1 floor!
 50352 | Zot:1    | Received a gift from Okawaru
 50651 | Zot:1    | Killed Tiamat
 51697 | Zot:3    | Reached skill level 1 in Hexes
 51701 | Zot:3    | Reached skill level 1 in Translocations
 52136 | Zot:5    | Entered Level 5 of the Realm of Zot
 52217 | Zot:5    | Received a gift from Okawaru
 52224 | Zot:5    | Reached skill level 5 in Hexes
 52372 | Zot:5    | Reached skill level 5 in Translocations
 52372 | Zot:5    | Noticed an orb of fire
 52376 | Zot:5    | Noticed an orb of fire
 52382 | Zot:5    | Killed an orb of fire
 52387 | Zot:5    | Killed an orb of fire
 52395 | Zot:5    | Noticed an orb of fire
 52403 | Zot:5    | Gained mutation: You expend magic power (3 MP) to
                  | strengthen your wands. [an orb of fire]
 52412 | Zot:5    | Killed an orb of fire
 52432 | Zot:5    | Noticed an ancient lich
 52454 | Zot:5    | Killed an ancient lich
 52462 | Zot:5    | Noticed a dread lich
 52470 | Zot:5    | Killed a dread lich
 52470 | Zot:5    | Received a gift from Okawaru
 52477 | Zot:5    | Noticed a dread lich
 52499 | Zot:5    | Noticed a Killer Klown
 52502 | Zot:5    | Killed a dread lich
 52508 | Zot:5    | Killed a Killer Klown
 52552 | Zot:5    | Noticed a Killer Klown
 52572 | Zot:5    | Killed a Killer Klown
 52573 | Zot:5    | Reached skill level 10 in Hexes
 52578 | Zot:5    | Noticed a dread lich
 52585 | Zot:5    | Killed a dread lich
 52822 | Zot:5    | Got the Orb of Zot
 52941 | Zot:4    | Received a gift from Okawaru
 52943 | Zot:4    | Noticed a Killer Klown
 52953 | Zot:3    | Reached skill level 10 in Translocations
 52994 | Zot:1    | Noticed Xiwulu the pandemonium lord
 53072 | Depths:3 | Noticed Naituqoc the pandemonium lord
 53650 | D:2      | Noticed Uluirhua the pandemonium lord
 53670 | D:2      | Killed Uluirhua the pandemonium lord
 53703 | D:$      | Escaped with the Orb!

Illustrated notes

Levels and vault maps discovered:
D:1:      lemuel_arrival_funnel, layout_loops_ring,
          shapermc_ecumenical_altar_pompeii
D:2:      layout_rooms, minmay_fountain_box
D:3:      layout_loops_ring, uniq_sigmund, uniq_natasha
D:4:      layout_basic, amcnicky_altar_gilded, uniq_edmund, uniq_eustachio
D:5:      layout_loops_cross, nicolae_dithmenos_the_darkroom, serial_shops,
          shop, serial_rivers, chequers_serial_rivers_marsh,
          chequers_serial_rivers_large_a, chequers_serial_rivers_room_b,
          chequers_serial_rivers_small_a, minmay_stone_trees_medium,
          minmay_misc_feat_ornament, kennysheep_pointless_box,
          serial_bayou_lagoon_a
D:6:      layout_cave_pools, mainiacjoe_overflow_alcove_3, temple_hall,
          enter_ossuary_5, ebering_ghost_rock_garden, grunt_decor_cap
D:7:      layout_cave_pods, gammafunk_ghost_arena, uniq_menkaure, uniq_pikel
D:8:      layout_rooms
D:9:      layout_gridville, ashenzari_altar_1, xom_teletrap_fun,
          hellmonk_lair_entry_icy, gammafunk_ghost_ooze
D:10:     minmay_the_grid_3x3 [minmay_the_grid_slots, minmay_the_grid_dragon_a,
          minmay_the_grid_broken_lines, minmay_the_grid_dragon_b,
          minmay_the_grid_all_tris, minmay_the_grid_rooms,
          minmay_the_grid_odd_star, minmay_the_grid_paths,
          minmay_the_grid_prize_diamond_cup], layout_loops_cross,
          lightli_minifort
D:11:     lemuel_troll_bridge, layout_long_grid, gauntlet_entry_generic,
          nicolae_tso_swordbearing_angel
D:12:     layout_irregular_city, david_orc_1_choice, guppyfry_shop_earth,
          uniq_nergalle
D:13:     layout_stronghold, kennysheep_cross_room
D:14:     layout_irregular_city, erik_vaults_2, kennysheep_cross_bottleneck,
          hangedman_aviary
D:15:     grunt_enter_depths_magical_seal, layout_basic,
          nicolae_gozag_seed_capital, uniq_josephine
Temple:   nicolae_temple_two_arcs
Lair:1:   layout_cellular_growth, st_stairs_6, serial_bayou_pond_b
Lair:2:   layout_gridlike, nicolae_shoals_entry_roost,
          nicolae_quartered_pool_super, wad_woods_road_01, nzn_random_ring
Lair:3:   layout_misc_corridors, spider_nest_entry_webs
Lair:4:   layout_regular_city, grunt_forest_large_clearings
Lair:5:   minmay_lair_end_enchanted_forest, layout_loops_ring,
          nicolae_slime_entry_field_trip, special_room [special_room_jelly],
          grunt_megastairs_3, serial_bayou_shore_a
Shoals:1: layout_shoals, serial_shops, shop, lightli_airlock
Shoals:2: layout_shoals, uniq_polyphemus, uniq_ilsuiw
Shoals:3: layout_shoals, serial_shops, nicolae_shop_real_fake_doors
Shoals:4: shoals_end_grunt_ice, layout_shoals
Spider:1: layout_chambers, hangedman_spider_tarantella_strand
Spider:2: layout_chambers
Spider:3: layout_spider_delve, uniq_nikola
Spider:4: floodkiller_spider_rune_tomb, spiders_nest_the_unseen, uniq_louise
Slime:1:  layout_caves
Slime:2:  nicolae_slime_jelly_donut, layout_caves, nicolae_slime_phagocytosis
Slime:3:  layout_caves, cheibrodos_slime_lost_civilization_6
Slime:4:  layout_caves
Slime:5:  slime_pit_nicolae_inversion
Orc:1:    layout_caves, portal_ice_cave_entry_imps, basic_altar, serial_shops,
          nicolae_shop_tiny_waterfront, guppyfry_library_mini
Orc:2:    grunt_orc_community_town_hall, layout_caves,
          grunt_orc_community_big_house_1, grunt_orc_community_big_house_1,
          grunt_orc_community_house_1, grunt_orc_community_house_3,
          grunt_orc_community_house_1, grunt_orc_community_house_2,
          grunt_orc_community_house_1, uniq_sonja
Elf:1:    nicolae_elf_arrival_dilemma, layout_loops_corners,
          minmay_elf_annihilation, minmay_strange_pillars, evilmike_minifort
Elf:2:    elven_hall_of_blades_hangedman_original
          [nicolae_blade_entry_area_security], layout_gridlike, serial_shops,
          nicolae_shop_tiny_real_fake_doors, grunt_ministairs_6
Elf:3:    elf_hall_gauntlet_wide, layout_loops_corners, grunt_ministairs_4,
          uniq_roxanne
Vaults:1: vaults_dpeg_doors, vaults_standard_mumra_x, st_cross, v_misc_22,
          dpeg_vaults_monster_box, hangedman_vaults_locks,
          nicolae_vaults_specimen_jars, v_pattern_4,
          nicolae_vaults_closet_pinwheel_4, layout_vaults_big_room
Vaults:2: hangedman_vaults_capsules, nicolae_vaults_asterisk,
          nicolae_vaults_security_offices_6, nicolae_vaults_stepped_doors,
          vaults_room_pool, nicolae_vaults_little_squares_3,
          nicolae_vaults_closet_pinwheel_6, vaults_room_grid,
          ontoclasm_vaults_eye, grunt_vaults_hallway_short,
          nicolae_vaults_network_square, nicolae_vaults_mini_display_case,
          ontoclasm_vaults_gateway, layout_vaults_maze_snakey
Vaults:3: v_misc_11, minmay_crypt_entry_simple_sparse,
          nicolae_vaults_yaktaur_gun_rack, nicolae_vaults_more_shelving_2,
          nicolae_vaults_windows_and_doors_thing,
          nicolae_vaults_twisting_passages, vaults_dpeg_ring, minmay_orc_keep,
          nicolae_vaults_shipping_containers_4, ontoclasm_vaults_twist,
          layout_vaults_omnicross, serial_shops, shop
Vaults:4: hangedman_vaults_nails, grunt_vaults_twisty, v_misc_15,
          grunt_vaults_swirl, nicolae_vaults_shelves_hall,
          nicolae_vaults_trapezoid_lopsided_4, nicolae_vaults_diamond_2,
          v_rooms_1, nicolae_vaults_sesquioval_fish, v_misc_2, v_misc_25,
          layout_vaults_omnigrid
Vaults:5: serial_shops
Depths:1: layout_big_octagon, nicolae_trove_entry_columns,
          muffindrake_ghost_dead_mans_drink, chequers_serial_rivers_large_b,
          hellmouth_1, minmay_statues_item, elyvilon_altar_5
Depths:2: minmay_spiral_squares, layout_gridlike, pan_entry,
          hangedman_abyss_or_decor_slice, pf_vacation_house_of_asmodeus,
          minmay_room_of_horrors, nicolae_shop_fire_sale
          [nicolae_sub_dead_trees]
Depths:3: kennysheep_four_of_diamonds, layout_long_grid, abyss_entry,
          special_room [special_room_magic_class], pf_coc_iceberg,
          nicolae_vehumet_altar_sigil, minmay_shop_grid_forest,
          hangedman_decor_clover_reticule
Depths:4: grunt_x_marks_the_spot, layout_gridville, enter_ziggurat_c,
          serial_shops, shop, grunt_hell_horde, hangedman_decor_diamond_cutter,
          uniq_frederick, uniq_parghit
Zot:1:    layout_basic, st_stairs_9, grunt_megastairs_4, uniq_tiamat
Zot:2:    layout_misc_corridors, regret_index_zotdec_decaying_vile
Zot:3:    lemuel_draconian_sentries, layout_onion_interference
Zot:4:    kennysheep_room_grid, layout_cathedral_of_symmetry, ebering_ghost_xom,
          st_large_dragon_hoard_3
Zot:5:    layout_gridlike, nicolae_transmutations_shop

Skill      XL: |  1  2  3  4  5  6  7  8  9 10 11 12 13 14 15 16 17 18 19 20 21 22 23 24 25 26 27 |
---------------+----------------------------------------------------------------------------------+-----
Fighting       | 3 4 5 6 8 10 11 12 13 14 15 16 17 18 19 20 | 20.0
Ranged Weapons | 5 6 8 9 10 11 12 13 14 15 16 17 18 19 20 | 20.9
Dodging        | 4 5 7 8 10 11 12 13 14 15 16 17 18 19 20 | 20.0
Invocations    | 3 6 9 10 11 13 15 17 20 | 20.0
Shields        | 4 8 10 12 13 15 16 18 19 20 | 20.0
Transmutations | 3 5 7 |  7.0
Spellcasting   | 3 5 9 10 | 10.0
Armour         | 4 9 14 19 20 | 20.0
Evocations     | 8 10 11 | 11.7
Hexes          | 10 | 10.0
Translocations | 10 | 10.0
Stealth        | |  1.2

Action                     |  1- 3 |  4- 6 |  7- 9 | 10-12 | 13-15 | 16-18 | 19-21 | 22-24 | 25-27 || total
---------------------------+-------+-------+-------+-------+-------+-------+-------+-------+-------++-------
  Melee: Unarmed           |       |     7 |       |       |       |       |       |       |       ||     7
         Longbow           |       |       |       |       |       |     5 |       |       |       ||     5
   Fire: Shortbow          |    95 |    50 |       |       |       |       |       |       |       ||   145
         Sling             |       |    57 |   322 |   553 |       |       |       |       |       ||   932
         Longbow           |       |       |       |   157 |   840 |  1376 |  1325 |  1177 |  1740 ||  6615
  Throw: Dart              |       |       |     1 |    12 |     2 |     1 |     1 |       |       ||    17
         Throwing net      |       |       |       |     1 |       |     1 |     1 |    10 |     2 ||    15
   Cast: Wereblood         |       |       |       |       |       |    44 |    36 |    38 |    37 ||   155
 Invoke: Heroism           |       |       |       |     2 |     7 |     1 |     1 |     5 |     3 ||    19
         Receive Weapon    |       |       |       |     1 |       |       |       |       |       ||     1
         Receive Armour    |       |       |       |     1 |       |       |       |       |       ||     1
         Finesse           |       |       |       |       |     4 |     2 |     2 |     3 |     6 ||    17
         Duel              |       |       |       |       |       |       |       |     1 |     4 ||     5
Ability: Dig               |       |       |       |     3 |     7 |     1 |     1 |     4 |     8 ||    24
         Shaft Self        |       |       |       |       |       |       |       |       |     3 ||     3
  Evoke: Wand              |       |       |       |    11 |     2 |       |     1 |       |     8 ||    22
    Use: Scroll            |     5 |     5 |     7 |     6 |     8 |     2 |     2 |     2 |     9 ||    46
         Potion            |       |     1 |     3 |       |     1 |     3 |     1 |     2 |     5 ||    16
 Armour: Leather armour    |    18 |    18 |   103 |    73 |       |       |       |       |       ||   212
         Skin              |       |     2 |       |       |       |       |       |       |       ||     2
         Troll leather arm |       |       |       |   109 |   178 |   303 |   206 |   213 |   246 ||  1255
  Dodge: Dodged            |    28 |    28 |   108 |   287 |   281 |   522 |   409 |   506 |   497 ||  2666
  Block: Kite shield       |       |       |       |       |    47 |   559 |   452 |   598 |   545 ||  2201

Table legend: (Time is in decaauts)
 A = Elapsed time spent in this place.
 B = Non-inter-level travel time spent in this place.
 C = Inter-level travel time spent in this place.
 D = Time resting spent in this place.
 E = Time spent auto-exploring this place.
 F = Levels seen in this place.
 G = Mean time per level.
                   A        B        C        D        E       F      G
               +--------+--------+--------+--------+--------+-----+--------+
         Total |  52473 |  47424 |   5049 |   3886 |  30778 |  61 |  860.2 |
       Dungeon |  16069 |  13921 |   2148 |   1149 |   9738 |  15 | 1071.3 |
        Temple |     20 |      2 |     18 |      0 |      0 |   1 |   20.0 |
          Lair |   6147 |   5569 |    578 |    297 |   3762 |   5 | 1229.4 |
        Shoals |   3627 |   3440 |    187 |     32 |   2538 |   4 |  906.8 |
   Spider Nest |   4804 |   4515 |    289 |    289 |   2987 |   4 | 1201.0 |
    Slime Pits |   2866 |   2763 |    103 |    797 |   1287 |   5 |  573.2 |
  Orcish Mines |   1415 |   1274 |    141 |      0 |    878 |   2 |  707.5 |
   Elven Halls |   3666 |   3487 |    179 |    490 |   2246 |   3 | 1222.0 |
        Vaults |   6343 |   5532 |    811 |    169 |   3863 |   5 | 1268.6 |
        Depths |   3835 |   3392 |    443 |     40 |   2241 |   4 |  958.8 |
           Zot |   2698 |   2551 |    147 |    591 |    832 |   5 |  539.6 |
         Trove |     89 |     89 |      0 |      0 |     17 |   1 |   89.0 |
       Ossuary |    282 |    282 |      0 |      0 |    118 |   1 |  282.0 |
      Gauntlet |    506 |    506 |      0 |     21 |    269 |   1 |  506.0 |
         Arena |     99 |     99 |      0 |      8 |      0 |   5 |   19.8 |
               +--------+--------+--------+--------+--------+-----+--------+

Top non-repeatable levels by time:
    D:10: 1950 daAuts
   Elf:3: 1737 daAuts
Depths:2: 1582 daAuts
Spider:4: 1506 daAuts
Vaults:4: 1505 daAuts
  Lair:5: 1475 daAuts
  Lair:2: 1470 daAuts
     D:7: 1430 daAuts
     D:9: 1417 daAuts
     D:6: 1385 daAuts
Vaults:1: 1364 daAuts
Spider:2: 1342 daAuts
Vaults:3: 1335 daAuts
Spider:1: 1334 daAuts
  Lair:1: 1328 daAuts
